 Dungeon Crawl Stone Soup version 0.31-a0-986-g5e6e4ef867 (webtiles) character file.

Game seed: 5171665712509379010

163 DApurpleWHUMPUS the Magician (level 5, -1/28 HPs)
             Began as a Deep Elf Hedge Wizard on Nov 25, 2023.
             Slain by a scorpion (6 damage)
             ... on level 4 of the Dungeon.
             The game lasted 00:08:49 (4217 turns).

DApurpleWHUMPUS the Magician (DEHW)                 Turns: 4217, Time: 00:08:51

Health: -1/28      AC:  2    Str:  7    XL:     5   Next: 20%
Magic:  9/14       EV: 14    Int: 27    God:
Gold:   66         SH:  0    Dex: 20    Spells: 9/14 levels left

rFire   . . .        a - +0 dagger
rCold   . . .        (no shield)
rNeg    . . .        b - +0 robe
rPois   .            c - +0 hat
rElec   .            (no cloak)
rCorr   .            (no gloves)
SInv    .            (no boots)
Will    .....        (no amulet)
Stlth   +++          f - +6 ring of intelligence
HPRegen 0.24/turn    n - +6 ring of dexterity
MPRegen 0.14/turn

%: no passive effects
@: lethally poisoned (-1 -> -3)
A: no striking features
a: no special abilities


You were on level 4 of the Dungeon.
You visited 1 branch of the dungeon, and saw 4 of its levels.

You collected 66 gold pieces.

Inventory:

Hand Weapons
 a - a +0 dagger (weapon)
Missiles
 h - 14 boomerangs
Armour
 b - a +0 robe (worn)
 c - a +0 hat (worn)
 l - a +3 chain mail of ponderousness
 p - the +0 ring mail "Forget-Me-Not" {Contam Int+5}
   (You found it on level 3 of the Dungeon)

   Int+5:     It affects your intelligence (+5).
   Contam:    It causes magical contamination when unequipped.
Jewellery
 f - a +6 ring of intelligence (left hand)
 n - a +6 ring of dexterity (right hand)
Scrolls
 e - 4 scrolls of teleportation {unknown}
 g - a scroll of fog {unknown}
 j - 5 scrolls of identify {unknown}
 k - a scroll of enchant armour {unknown}
Potions
 d - a potion of magic
 i - a potion of berserk rage {unknown}
 m - a potion of cancellation {unknown}
 o - a potion of resistance {unknown}


   Skills:
 + Level 3.5 Dodging
 + Level 3.5 Stealth
 + Level 5.2 Spellcasting
 + Level 2.2 Conjurations
 + Level 2.4 Summonings
 + Level 2.4 Translocations


You had 9 spell levels left.
You knew the following spells:

 Your Spells              Type           Power      Damage    Failure   Level
a - Magic Dart            Conj           76%        1d6       2%          1
b - Call Imp              Summ           40%        N/A       4%          2
c - Blink                 Tloc           38%        N/A       4%          2

Your spell library contained the following spells:

 Spells                   Type           Power      Damage    Failure   Level
 Searing Ray              Conj           38%        2d5       4%          2
 Slow                     Hex            28%        N/A       7%          1
 Cigotuvi's Dreadful Rot  Necr/Pois/Air  14%        N/A       11%         2
 Ensorcelled Hibernation  Hex/Ice        14%        N/A       11%         2
 Passwall                 Tmut/Erth      5%         N/A       11%         2
 Hailstorm                Conj/Ice       13%        3d5       13%         3
 Mephitic Cloud           Conj/Pois/Air  11%        N/A       16%         3
 Swiftness                Air            7%         N/A       22%         3
 Summon Ice Beast         Ice/Summ       13%        N/A       38%         4
 Fulminant Prism          Conj/Hex       6%         3d7       41%         4
 Dispel Undead            Necr           7%         3d8       56%         4
 Death Channel            Necr           3%         N/A       100%        6
 Simulacrum               Ice/Necr       3%         N/A       100%        6


Dungeon Overview and Level Annotations

Branches:
Dungeon (4/15)
 Temple: D:4-7

Altars:


Message History

You are poisoned.
The scorpion poisons you!
Your cerulean imp barely misses the scorpion.
You feel very sick. The scorpion stings you.
Your cerulean imp hits the scorpion but does no damage.
Casting: Call Imp (safe; 4% risk of failure)
Confirm with . or Enter, or press ? or * to list all spells.
Aiming: Magic Dart (safe; 2% risk of failure)
Press: ? - help, Shift-Dir - straight line, f/p - scorpion
Aim: a scorpion (moderately wounded, ally target, 100% to hit)
The magic dart hits the scorpion.
The scorpion is moderately wounded.
You feel very sick. The scorpion barely misses you.
Your cerulean imp closely misses the scorpion.
You barely miss the scorpion.
The scorpion is moderately wounded.
You feel sick.
The scorpion stings you but does no damage.
Your cerulean imp hits the scorpion with a -2 spear.
You barely miss the scorpion.
The scorpion is heavily wounded.
You feel sick. The scorpion stings you.
* * * LOW HITPOINT WARNING * * *
Your cerulean imp hits the scorpion with a -2 spear.
You closely miss the scorpion.
The scorpion is severely wounded.
You feel sick. The scorpion misses you. The scorpion stings you.
* * * LOW HITPOINT WARNING * * *
Your cerulean imp hits the scorpion with a -2 spear.
Casting: Magic Dart (safe; 2% risk of failure)
Confirm with . or Enter, or press ? or * to list all spells.
Aiming: Magic Dart (safe; 2% risk of failure)
Press: ? - help, Shift-Dir - straight line, f/p - scorpion
Aim: a scorpion (almost dead, ally target, 100% to hit)
The magic dart hits the scorpion.
The scorpion is almost dead.
You feel sick. The scorpion stings you.
You die...

# .# #.#. .....
#..... ###......
#@s!..... #######
#.#5..... ....).#
#.# ..... #####.#
##.# .... #)#
#.####..####.#. #.#
#............# #.#
######.####### #.#
######.#######
#.####............#


You could see a scorpion (ally target) and a friendly cerulean imp (summoned).

Vanquished Creatures
  5 adders
  A dart slug (D:3)
  An orc (D:4)
  3 bats
  4 endoplasms
  3 giant cockroaches
  4 goblins
  5 hobgoblins
  3 quokkas
  3 ball pythons
  3 frilled lizards (D:1)
  5 kobolds
  5 rats
45 creatures vanquished.

Vanquished Creatures (collateral kills)
  An orc priest (D:4)
  Jessica (D:2)
  3 orcs (D:4)
  An endoplasm (D:2)
  A giant cockroach (D:1)
  A goblin (D:1)
  2 hobgoblins
  A frilled lizard (D:2)
  A kobold (D:2)
12 creatures vanquished.

Grand Total: 57 creatures vanquished

Notes
Turn   | Place    | Note
-------+----------+-------------------------------------------
     0 | D:1      | DApurpleWHUMPUS the Deep Elf Hedge Wizard began the quest
                  | for the Orb.
     0 | D:1      | Reached XP level 1. HP: 10/10 MP: 7/7
   332 | D:1      | Reached XP level 2. HP: 15/15 MP: 6/9
  1029 | D:1      | Learned a level 2 spell: Call Imp
  1032 | D:1      | Learned a level 2 spell: Blink
  1412 | D:2      | Reached XP level 3. HP: 17/19 MP: 4/11
  2102 | D:2      | Noticed Jessica
  2113 | D:2      | Killed Jessica
  2114 | D:2      | Reached XP level 4. HP: 8/24 MP: 8/12
  2338 | D:2      | Reached skill level 5 in Spellcasting
  3028 | D:3      | Identified the +0 ring mail "Forget-Me-Not" {Contam Int+5}
  4044 | D:4      | Reached XP level 5. HP: 28/28 MP: 5/14
  4217 | D:4      | Slain by a scorpion

Illustrated notes

Levels and vault maps discovered:
D:1:      amcnicky_arrival_gap_in_the_tavern_cellar, layout_basic
D:2:      layout_basic, uniq_jessica
D:3:      layout_basic, palyth_stone_intersect, nicolae_figureground_pulse
D:4:      layout_loops_ring, minmay_temple_entry_purple_smoke, uniq_natasha

Skill      XL: |  1  2  3  4 |
---------------+-------------+-----
Dodging        | 3 |  3.5
Stealth        | 3 |  3.5
Summonings     | 2 |  2.4
Translocations | 2 |  2.4
Spellcasting   | 5 |  5.2
Conjurations   | 2 |  2.2

Action                     |  1- 3 |  4- 6 || total
---------------------------+-------+-------++-------
  Melee: Dagger            |       |     3 ||     3
   Cast: Magic Dart        |    77 |    50 ||   127
         Call Imp          |     9 |    10 ||    19
 Armour: Robe              |    11 |    13 ||    24
  Dodge: Dodged            |    22 |     9 ||    31

Table legend: (Time is in decaauts)
 A = Elapsed time spent in this place.
 B = Non-inter-level travel time spent in this place.
 C = Inter-level travel time spent in this place.
 D = Time resting spent in this place.
 E = Time spent auto-exploring this place.
 F = Levels seen in this place.
 G = Mean time per level.
                   A        B        C        D        E       F      G
               +--------+--------+--------+--------+--------+-----+--------+
         Total |   4215 |   4047 |    168 |    172 |   3429 |   4 | 1053.8 |
       Dungeon |   4215 |   4047 |    168 |    172 |   3429 |   4 | 1053.8 |
               +--------+--------+--------+--------+--------+-----+--------+

Top non-repeatable levels by time:
     D:1: 1405 daAuts
     D:3: 1271 daAuts
     D:2: 1267 daAuts
     D:4: 270 daAuts
